 Dungeon Sprint DCSS version 0.27-a0-550-ge92ec0ca06 (webtiles) character file.

Game seed: 15411841064956906711

3434 rocky1 the Earth Mage (level 10, -5/56 HPs)
             Began as an Octopode Earth Elementalist on Mar 8, 2021.
             Was a High Priest of Sif Muna.
             Killed by the air
             ... invoked by Gastronok
              (28 damage)
             ... in the Dungeon (Sprint VII: "The Pits").
             The game lasted 00:09:50 (1756 turns).

rocky1 the Earth Mage (Octopode Earth Elementalist) Turns: 1756, Time: 00:09:51

Health: -5/56      AC:  1    Str:  7    XL:     10   Next: 5%
Magic:  9/20       EV: 16    Int: 22    God:    Sif Muna [*****.]
Gold:   0          SH:  0    Dex: 12    Spells: 9/22 levels left

rFire    . . .     SeeInvis .   p - +0 lajatang
rCold    . . .     Faith    .   (shield currently unavailable)
rNeg     . . .     Spirit   .   (helmet restricted)
rPois    .         Reflect  .   (no amulet)
rElec    .         Harm     .   (no ring)
rCorr    .         Rampage  .   (no ring)
Will     .....     NoTele   +   (no ring)
Stlth    +++.......             (no ring)
HPRegen  0.18/turn              (no ring)
MPRegen  0.17/turn              (no ring)
                                (no ring)
                                (no ring)

@: no status effects
A: almost no armour, amphibious, 8 rings, constrict 8, camouflage 1, gelatinous
body 1, nimble swimmer 1
a: Renounce Religion, Channel Magic, Forget Spell, Divine Exegesis


You were in the Dungeon.
You worshipped Sif Muna.
Sif Muna was extremely pleased with you.
You visited 1 branch

Inventory:

Hand Weapons
 l - a +1 quarterstaff of speed
 p - a +0 lajatang (weapon)
 q - a +2 vampiric scimitar
Missiles
 b - 17 stones
Jewellery
 k - a +3 ring of protection
 m - a +3 ring of intelligence
Scrolls
 h - a scroll of blinking
 i - 5 scrolls of amnesia
 j - a scroll of summoning
Potions
 a - a potion of invisibility
 c - 9 potions of curing
 d - 5 potions of heal wounds
 e - 2 potions of haste
 f - 3 potions of magic
 g - 2 potions of berserk rage
 n - 2 potions of might
 o - a potion of mutation


   Skills:
 + Level 8.8 Dodging
 - Level 2.6 Stealth
 + Level 6.9 Spellcasting
 + Level 4.8 Conjurations
 - Level 1.0 Transmutations
 + Level 17.0 Earth Magic
 + Level 7.8 Invocations


You had 9 spell levels left.
You knew the following spells:

 Your Spells              Type           Power      Damage    Failure   Level
a - Sandblast             Erth           100%       2d20      0%          1
b - Stone Arrow           Conj/Erth      100%       3d13      1%          3
c - Lee's Rapid Deconstr  Erth           35%        3d19*     1%          5
d - Petrify               Tmut/Erth      47%        N/A       1%          4

Your spell library contained the following spells:

 Spells                   Type           Power      Damage    Failure   Level
 Passwall                 Tmut/Erth      39%        N/A       1%          2
 Leda's Liquefaction      Hex/Erth       22%        N/A       2%          4
 Borgnjor's Vile Clutch   Necr/Erth      22%        N/A       7%          5
 Apportation              Tloc           14%        N/A       9%          1
 Ensorcelled Hibernation  Hex/Ice        14%        N/A       13%         2
 Sublimation of Blood     Necr           3%         N/A       13%         2
 Confusing Touch          Hex            7%         N/A       26%         3
 Portal Projectile        Hex/Tloc       14%        N/A       26%         3
 Summon Guardian Golem    Hex/Summ       7%         N/A       26%         3
 Animate Dead             Necr           3%         N/A       63%         4
 Metabolic Englaciation   Hex/Ice        3%         N/A       93%         5
 Summon Mana Viper        Hex/Summ       7%         N/A       93%         5
 Haunt                    Necr/Summ      3%         N/A       100%        7


Dungeon Overview and Level Annotations

Branches:
Dungeon (1/1)

Altars:
Ashenzari
Cheibriados
Dithmenos
Elyvilon
Fedhas
Gozag
Hepliaklqana
Kikubaaqudgha
Makhleb
Nemelex Xobeh
Okawaru
Qazlal
Ru
Sif Muna
Trog
Uskayaw
Vehumet
Wu Jian
Xom
Yredelemnul
Zin
The Shining One
Beogh
Jiyva
Lugonu

Annotations:
D Gastronok


Innate Abilities, Weirdness & Mutations

You cannot wear most types of armour.
You are amphibious.
You can wear up to eight rings at the same time.
You can use your tentacles to constrict eight enemies at once.
Your skin changes colour to match your surroundings (Stealth+).
Your rubbery body absorbs attacks. (AC +1, EV +1)
You are stealthy while swimming. (Stealth+)


Message History

Aiming: Lee's Rapid Deconstruction (dangerous; 1% risk of failure)
Press: ? - help, Dir - move target A metal wall.
The metal wall shatters!
The blast of metal fragments hits the ynoxinul!!
The ynoxinul is almost dead.
The blast of metal fragments hits the deep troll!!!
The deep troll is almost dead.
Unknown command.
Casting: Lee's Rapid Deconstruction (dangerous; 1% risk of failure)
Confirm with . or Enter, or press ? or * to list all spells.
Aiming: Lee's Rapid Deconstruction (dangerous; 1% risk of failure)
Press: ? - help, Dir - move target A metal wall.
The metal wall shatters!
The blast of metal fragments hits the ynoxinul!!
You kill the ynoxinul!
Sif Muna accepts your kill.
You see here Dofabebu's Grimoire of Spatial Enchantment.
Sif Muna grants you a gift!
The blast of metal fragments hits the deep troll!
You kill the deep troll!
Sif Muna accepts your kill.
Your Conjurations skill increases to level 4!
Your Earth Magic skill increases to level 17!
You have reached level 10!
You feel clever.
Unknown command.
Casting: Lee's Rapid Deconstruction (dangerous; 1% risk of failure)
Confirm with . or Enter, or press ? or * to list all spells.
Aiming: Lee's Rapid Deconstruction (dangerous; 1% risk of failure)
Press: ? - help, Dir - move target A metal wall.
The metal wall shatters!
The blast of metal fragments hits Gastronok!!!
Gastronok is moderately wounded.
Gastronok waves his eye-stalks in wide circles.
The air twists around and strikes you!!
Ouch! That really hurt!
You die...

#......# .......+
.......+ #......#
.......# ''######
''################ ##
..#..............##
.w#
..##....))......@.#..#
..####...#'######..w#
..#..#####[## ##+##
.†#....##...#
..'.....#...#
..'.....'...+
..'.....#...#
..#....##...#
..#..#####.##


You could see Gastronok.

Vanquished Creatures
  A flayed ghost (D)
  A deep troll (D)
  A molten gargoyle (D)
  A guardian mummy (D)
  A hornet (D)
  Grinder (D)
  A dream sheep (D)
  A spriggan (D)
  A ynoxinul (D)
  Eustachio (D)
  A steam dragon (D)
  A soldier ant (D)
  A floating eye (D)
  An orc warrior (D)
  A black bear (D)
  A wolf (D)
  3 scorpions (D)
  A jelly (D)
  A hound (D)
  An orc priest (D)
  Crazy Yiuf (D)
  An orc wizard (D)
  A gnoll (D)
  A white imp (D)
  An adder skeleton (D)
  2 leopard geckos (D)
  2 orcs (D)
  A hobgoblin (D)
  3 jackals (D)
  A frilled lizard (D)
  2 goblins (D)
  A quokka zombie (D)
  A rat (D)
40 creatures vanquished.

Notes
Turn   | Place    | Note
-------+----------+-------------------------------------------
     0 | D        | rocky1 the Octopode Earth Elementalist began the quest for
                  | the Orb.
     0 | D        | Reached XP level 1. HP: 11/11 MP: 3/3
    21 | D        | Found a bloodstained altar of Trog.
    21 | D        | Found a shimmering blue altar of Sif Muna.
    21 | D        | Found a viscous altar of Jiyva.
    21 | D        | Found a hazy altar of Hepliaklqana.
    21 | D        | Found an opulent altar of Gozag.
    22 | D        | Found a glowing golden altar of the Shining One.
    22 | D        | Found a glowing silver altar of Zin.
    22 | D        | Found a basalt altar of Yredelemnul.
    22 | D        | Found a shimmering altar of Xom.
    22 | D        | Found an ornate altar of the Wu Jian Council.
    22 | D        | Found a sacrificial altar of Ru.
    22 | D        | Found a stormy altar of Qazlal.
    22 | D        | Found an iron altar of Okawaru.
    22 | D        | Found a sparkling altar of Nemelex Xobeh.
    22 | D        | Found a burning altar of Makhleb.
    22 | D        | Found a blossoming altar of Fedhas.
    22 | D        | Found a white marble altar of Elyvilon.
    22 | D        | Found a shadowy altar of Dithmenos.
    22 | D        | Found a snail-covered altar of Cheibriados.
    25 | D        | Found a corrupted altar of Lugonu.
    25 | D        | Found a radiant altar of Vehumet.
    26 | D        | Found an ancient bone altar of Kikubaaqudgha.
    26 | D        | Found a hide-covered altar of Uskayaw.
    26 | D        | Found a broken altar of Ashenzari.
    29 | D        | Became a worshipper of Sif Muna the Loreminder
    75 | D        | Reached skill level 4 in Earth Magic
   138 | D        | Reached * piety under Sif Muna
   139 | D        | Reached XP level 2. HP: 17/17 MP: 5/5
   246 | D        | Noticed a scorpion
   256 | D        | Reached ** piety under Sif Muna
   435 | D        | Killed a scorpion
   436 | D        | Reached skill level 6 in Earth Magic
   436 | D        | Reached XP level 3. HP: 21/21 MP: 0/6
   436 | D        | Reached XP level 4. HP: 27/27 MP: 0/7
   536 | D        | Learned a level 3 spell: Stone Arrow
   573 | D        | Noticed an orc warrior
   573 | D        | Noticed a floating eye
   606 | D        | Killed an orc warrior
   606 | D        | Reached *** piety under Sif Muna
   607 | D        | Reached skill level 5 in Dodging
   607 | D        | Reached skill level 7 in Earth Magic
   607 | D        | Reached XP level 5. HP: 20/31 MP: 3/10
   613 | D        | Reached skill level 8 in Earth Magic
   623 | D        | Reached XP level 6. HP: 10/36 MP: 3/12
   659 | D        | Reached **** piety under Sif Muna
   822 | D        | Reached skill level 5 in Invocations
   855 | D        | Reached skill level 5 in Spellcasting
   865 | D        | Paralysed by a floating eye for 4 turns
   872 | D        | Killed a floating eye
   873 | D        | Reached skill level 10 in Earth Magic
   880 | D        | Learned a level 5 spell: Lee's Rapid Deconstruction
   885 | D        | Learned a level 4 spell: Petrify
  1058 | D        | Noticed a dream sheep
  1059 | D        | Killed a dream sheep
  1059 | D        | Reached ***** piety under Sif Muna
  1059 | D        | Identified Sif Muna's Guide on Hexes (Sif Muna gifted it to
                  | you in the Dungeon)
  1059 | D        | Received a gift from Sif Muna
  1060 | D        | Reached skill level 12 in Earth Magic
  1060 | D        | Reached XP level 7. HP: 41/41 MP: 8/14
  1204 | D        | Noticed Grinder
  1206 | D        | Paralysed by Grinder for 7 turns
  1213 | D        | Killed Grinder
  1214 | D        | Reached skill level 13 in Earth Magic
  1214 | D        | Reached XP level 8. HP: 29/46 MP: 0/15
  1325 | D        | Noticed Crazy Yiuf
  1325 | D        | Noticed a guardian mummy
  1325 | D        | Noticed Eustachio
  1330 | D        | Killed a guardian mummy
  1330 | D        | Killed Eustachio
  1331 | D        | Reached skill level 14 in Earth Magic
  1343 | D        | Killed Crazy Yiuf
  1533 | D        | Noticed a flayed ghost
  1538 | D        | Killed a flayed ghost
  1539 | D        | Reached skill level 16 in Earth Magic
  1539 | D        | Reached XP level 9. HP: 51/51 MP: 5/16
  1544 | D        | Identified Roreh's Handbook of the Ladybird (Sif Muna
                  | gifted it to you in the Dungeon)
  1544 | D        | Received a gift from Sif Muna
  1545 | D        | Reached skill level 1 in Conjurations
  1605 | D        | Noticed a spriggan rider
  1605 | D        | Noticed a molten gargoyle
  1614 | D        | Killed a hornet
  1614 | D        | Killed a molten gargoyle
  1751 | D        | Noticed a deep troll
  1751 | D        | Noticed Gastronok
  1754 | D        | Identified Dofabebu's Grimoire of Spatial Enchantment (Sif
                  | Muna gifted it to you in the Dungeon)
  1754 | D        | Received a gift from Sif Muna
  1754 | D        | Killed a deep troll
  1755 | D        | Reached skill level 17 in Earth Magic
  1755 | D        | Reached XP level 10. HP: 23/56 MP: 8/20
  1756 | D        | Killed from afar by Gastronok

Illustrated notes

Levels and vault maps discovered:
D:        pitsprint [storerooms_1, entrance_room_1, metal_vault_1, armoury_1,
          mini_pit_1, grid_room_1, main_hall_1, silver_pit, the_coven_2,
          the_vestibule_1, steel_vault_2, golden_pit, hallway_of_sentries,
          crystal_vault_4, iron_vault_4, final_vault]

Skill      XL: |  1  2  3  4  5  6  7  8  9 |
---------------+----------------------------+-----
Earth Magic    | 4 6 7 8 12 13 16 17 | 17.0
Dodging        | 4 5 6 7 8 |  8.8
Spellcasting   | 3 4 5 6 |  6.9
Invocations    | 3 4 5 7 |  7.8
Conjurations   | 4 |  4.8
Stealth        | |  2.6
Transmutations | |  1.0

Action                   |  1- 3 |  4- 6 |  7- 9 | 10-12 || total
-------------------------+-------+-------+-------+-------++-------
Melee: Quarterstaff      |    19 |    26 |       |       ||    45
       Constrict         |     9 |     7 |     1 |       ||    17
       Unarmed           |     2 |       |       |       ||     2
       Tentacles         |     3 |     3 |       |       ||     6
       Lajatang          |       |       |     1 |       ||     1
 Cast: Sandblast         |     5 |    16 |     2 |       ||    23
       Lee's Rapid Decon |       |     1 |    19 |     1 ||    21
Invok: Channel Magic     |       |       |     3 |     1 ||     4
  Use: Potion            |       |     6 |       |       ||     6
 Stab: Sleeping          |     4 |     1 |       |       ||     5
Armor: Skin              |     3 |     2 |       |       ||     5
Dodge: Dodged            |    18 |    25 |     2 |       ||    45

Table legend: (Time is in decaauts)
 A = Elapsed time spent in this place.
 B = Non-inter-level travel time spent in this place.
 C = Inter-level travel time spent in this place.
 D = Time resting spent in this place.
 E = Time spent auto-exploring this place.
 F = Levels seen in this place.
 G = Mean time per level.
                   A        B        C        D        E       F      G
               +--------+--------+--------+--------+--------+-----+--------+
         Total |   1761 |   1741 |     20 |   1241 |      0 |   1 | 1761.0 |
       Dungeon |   1761 |   1741 |     20 |   1241 |      0 |   1 | 1761.0 |
               +--------+--------+--------+--------+--------+-----+--------+

Top non-repeatable levels by time:
       D: 1761 daAuts
